Map: Distretto abbandonato

Players

Jhyrachy

  • Race: Zerg Zerg
  • League: Gold
  • Spawn Location: 9:00

sbrus

  • Race: Protoss Protoss
  • League: Gold
  • Spawn Location: 12:00

Procyon

  • Race: Zerg Zerg
  • Spawn Location: 3:00

ALV

  • Race: Protoss Protoss
  • League: Gold
  • Spawn Location: 12:00

Amit

  • Race: Zerg Zerg
  • Spawn Location: 6:00

WhitePanther

  • Race: Protoss Protoss
  • Spawn Location: 6:00

Moroluigi

  • Race: Zerg Zerg
  • Spawn Location: 3:00

Unisold

  • Race: Terran Terran
  • Spawn Location: 7:00

VOD

Have the link to the VOD?

Description

Time

  • Played on: April 22, 2016, 2:14 p.m.
  • Length: 16:34
Show
View Real Time Build Order
Export as new Build Order

Jhyrachy Zerg 

Build Orders: Pool First 

Get SALT Encoding   

  12  0:01  Drone  
  13  0:09  Drone  
  14  0:16  Overlord  
  14  0:35  Drone x3  
  17  0:39  Extractor  
  16  0:48  Drone  
  17  0:58  Drone  
  18  1:09  Spawning Pool  
  18  1:10  Drone  
  18  1:15  Evolution Chamber  
  17  1:19  Drone  
  18  1:33  Drone  
  19  1:48  Overlord  
  19  1:56  Queen  
  19  1:58  Metabolic Boost  
  21  2:08  Drone  
  22  2:11  Zergling x2  
  22  2:13  Hatchery  
  22  2:21  Baneling Nest  
  21  2:23  Drone  
  21  2:29  Zergling x2  
  23  2:45  Pneumatized Carapace  
  23  2:52  Zergling x4  
  25  3:07  Baneling  
  25  3:08  Baneling  
  25  3:14  Baneling  
  25  3:23  Baneling  
  25  3:37  Queen  
  25  4:07  Zergling x6  
  25  4:09  Overlord x3  
  28  4:27  Zerg Melee Weapons Level 1  
  28  4:34  Zergling x18  
  33  4:47  Baneling  
  24  5:07  Zergling x10  
  7  6:08  Drone x3  
  10  6:23  Drone  
  10  6:24  Queen  
  13  6:41  Drone x2  
  15  6:55  Drone  
  15  7:00  Queen  
  18  7:27  Drone x3  
  21  7:43  Drone x2  
  21  7:44  Drone  
  24  8:05  Drone x2  
  26  8:17  Hatchery  
  25  8:45  Drone x3  
  28  8:50  Lair  
  28  8:52  Drone x2  
  28  8:53  Drone  
  31  9:26  Drone x3  
  31  9:27  Drone x2  
  36  9:32  Extractor  
  35  10:58  Overlord x4  
  35  10:59  Overlord x2  
  35  11:31  Spire  
  34  11:38  Zerg Melee Weapons Level 2  
  34  11:40  Infestation Pit  
  34  11:43  Drone x7  
  34  11:44  Drone x5  
  34  11:45  Extractor  
  44  11:49  Extractor  
  43  12:09  Drone x3  
  46  12:44  Hive  
  46  12:54  Spore Crawler  
  45  13:09  Spore Crawler  
  44  13:27  Corruptor  
  44  13:28  Corruptor x5  
  44  13:29  Corruptor x2  
  44  13:32  Overlord x2  
  60  13:35  Drone  
  61  13:45  Drone  
  55  14:14  Greater Spire  
  55  14:17  Overlord  
  55  14:18  Overlord  
  55  14:49  Spine Crawler  
  54  14:54  Spine Crawler  
  54  14:55  Spine Crawler x2  
  54  14:56  Spine Crawler  
  54  14:58  Spine Crawler  
  49  15:00  Spine Crawler  
  49  15:01  Spine Crawler  
  49  15:02  Spine Crawler  
  49  15:04  Spine Crawler x2  
  46  15:29  Brood Lord x8  
Show
View Real Time Build Order
Export as new Build Order

sbrus Protoss 

Build Orders:  

Get SALT Encoding   

  12  0:04  Probe (Chrono Boost)  
  13  0:14  Probe (Chrono Boost)  
  14  0:25  Probe (Chrono Boost)  
  15  0:39  Pylon  
  15  0:58  Probe (Chrono Boost)  
  15  1:01  Forge  
  15  1:03  Gateway  
  16  1:08  Gateway  
  16  1:23  Probe (Chrono Boost)  
  17  1:26  Assimilator  
  17  1:29  Pylon  
  17  1:32  Assimilator  
  17  1:33  Probe (Chrono Boost)  
  18  1:44  Probe (Chrono Boost)  
  19  1:51  Photon Cannon  
  19  1:54  Zealot  
  19  1:57  Zealot  
  23  2:15  Photon Cannon  
  23  2:19  Cybernetics Core  
  23  2:26  Zealot x2  
  27  2:33  Probe (Chrono Boost)  
  28  2:43  Probe (Chrono Boost)  
  29  2:54  Probe (Chrono Boost)  
  29  2:57  Warp Gate  
  30  3:09  Pylon  
  30  3:25  Nexus  
  30  3:29  Assimilator  
  30  3:31  Assimilator  
  30  3:39  Pylon  
  30  3:48  Pylon  
  30  4:05  Mothership Core (Chrono Boost)  
  32  4:14  Stargate  
  32  4:16  Stargate  
  32  4:24  Probe (Chrono Boost)  
  33  4:53  Stargate  
  33  4:59  Phoenix  
  35  5:22  Probe x2 (Chrono Boost)  
  37  5:30  Phoenix  
  37  5:31  Phoenix  
  41  5:37  Nexus  
  41  5:49  Phoenix  
  43  5:56  Pylon  
  43  5:58  Pylon  
  43  6:03  Phoenix  
  45  6:08  Probe x2 (Chrono Boost)  
  47  6:18  Probe x2 (Chrono Boost)  
  49  6:27  Phoenix  
  49  6:29  Probe (Chrono Boost)  
  52  6:39  Phoenix  
  54  6:52  Probe (Chrono Boost)  
  54  6:53  Probe (Chrono Boost)  
  56  6:58  Phoenix  
  58  7:03  Probe (Chrono Boost)  
  59  7:16  Fleet Beacon  
  59  7:24  Photon Cannon  
  59  7:25  Probe (Chrono Boost)  
  60  7:31  Photon Cannon  
  60  7:36  Photon Cannon  
  60  7:39  Probe (Chrono Boost)  
  61  8:01  Probe (Chrono Boost)  
  62  8:11  Probe (Chrono Boost)  
  63  8:22  Probe (Chrono Boost)  
  56  8:42  Carrier x3  
  72  9:03  Graviton Catapult  
  72  9:09  Pylon  
  78  9:11  Pylon  
  78  9:15  Probe (Chrono Boost)  
  79  9:19  Assimilator  
  79  9:24  Assimilator  
  79  9:25  Probe (Chrono Boost)  
  80  9:33  Stargate  
  80  9:34  Stargate  
  80  9:36  Probe (Chrono Boost)  
  81  10:17  Void Ray x3  
  84  10:41  Void Ray x2  
  87  11:32  Void Ray  
  83  11:43  Nexus  
  83  11:46  Pylon  
  83  11:50  Pylon  
  83  11:51  Mothership Core (Chrono Boost)  
  85  12:04  Void Ray  
  85  12:08  Carrier x2  
  101  12:14  Pylon  
  101  12:19  Pylon  
  101  12:24  Pylon  
  107  12:41  Protoss Air Weapons Level 1  
  107  12:55  Probe (Chrono Boost)  
  108  13:06  Probe (Chrono Boost)  
  109  13:17  Probe (Chrono Boost)  
  109  13:19  Void Ray  
  110  13:20  Void Ray  
  110  13:27  Probe (Chrono Boost), Void Ray  
  123  13:38  Probe (Chrono Boost)  
  66  14:47  Void Ray x2  
  66  14:48  Tempest  
Show
View Real Time Build Order
Export as new Build Order

Procyon Zerg 

Build Orders: Pool First 

Get SALT Encoding   

  12  0:02  Drone  
  13  0:10  Drone  
  14  0:17  Overlord  
  14  0:25  Overlord  
  14  0:35  Drone  
  14  0:36  Drone  
  16  0:45  Drone  
  17  0:53  Spawning Pool  
  16  1:04  Drone  
  17  1:20  Extractor  
  16  1:30  Hatchery, Drone  
  16  1:31  Drone x2  
  18  1:40  Queen  
  20  1:48  Overlord  
  20  2:04  Zergling x4  
  22  2:11  Roach Warren  
  21  2:16  Queen  
  23  2:36  Metabolic Boost  
  23  2:39  Drone x3  
  26  3:02  Extractor, Drone x2  
  26  3:03  Overlord  
  27  3:20  Lair  
  27  3:22  Roach  
  27  3:25  Drone  
  27  3:26  Drone x3  
  33  3:27  Roach  
  35  3:38  Roach  
  37  3:47  Roach  
  39  3:56  Drone x2  
  41  4:09  Roach x4  
  49  4:23  Drone x3  
  52  4:27  Extractor, Overlord x2  
  52  4:29  Extractor  
  50  4:35  Overlord x3  
  50  4:41  Drone  
  50  4:43  Glial Reconstitution  
  51  4:53  Roach  
  53  5:06  Roach x5  
  53  5:07  Roach  
  65  5:16  Drone x3  
  65  5:17  Drone  
  69  5:37  Spire  
  68  5:43  Overlord  
  68  5:46  Drone x4  
  72  5:50  Zergling x4  
  74  5:58  Drone  
  74  5:59  Infestation Pit  
  74  6:06  Evolution Chamber  
  71  6:57  Spore Crawler, Drone x3  
  71  6:58  Spore Crawler, Drone x3  
  71  7:01  Overlord x5  
  75  7:07  Hatchery  
  74  7:34  Mutalisk  
  74  7:35  Mutalisk x6  
  88  7:43  Hive  
  88  7:46  Zerg Missile Weapons Level 1  
  88  8:14  Mutalisk  
  88  8:15  Mutalisk x5, Roach  
  102  8:35  Queen  
  102  8:37  Drone x4  
  102  8:40  Drone x3  
  111  9:04  Mutalisk x3  
  111  9:05  Mutalisk x2  
  121  9:24  Corruptor x2  
  121  9:30  Extractor x2  
  121  9:46  Corruptor x2  
  121  9:50  Drone x2  
  121  9:51  Drone x4  
  70  10:33  Drone  
  70  10:34  Mutalisk x2  
  70  10:35  Mutalisk x2  
  68  11:01  Overlord x5  
  57  11:05  Hatchery  
  40  11:46  Spire  
  39  11:48  Hatchery  
  39  11:51  Drone x3  
  39  11:54  Queen  
  43  12:04  Overlord  
  43  12:18  Drone  
  43  12:21  Roach  
  43  12:22  Roach x2  
  50  12:27  Drone  
  51  12:30  Queen  
  53  12:38  Drone  
  53  12:39  Drone  
  45  13:13  Greater Spire  
  45  13:14  Corruptor x4  
  45  13:15  Corruptor  
  55  13:20  Extractor x2  
  53  13:29  Drone x3  
  56  13:36  Roach  
  56  13:37  Roach x4  
  26  15:04  Mutalisk, Drone x2  
  26  15:05  Hatchery, Roach x5  
  26  15:06  Roach x2  
  43  15:08  Queen  
Show
View Real Time Build Order
Export as new Build Order

ALV Protoss 

Build Orders: 1 Gate Expand 

Get SALT Encoding   

  12  0:07  Probe (Chrono Boost)  
  13  0:17  Pylon  
  13  0:19  Probe (Chrono Boost)  
  14  0:36  Gateway  
  14  0:42  Assimilator  
  14  0:44  Probe (Chrono Boost)  
  15  0:55  Probe (Chrono Boost)  
  17  1:11  Probe (Chrono Boost)  
  17  1:27  Cybernetics Core  
  17  1:28  Nexus  
  17  1:35  Pylon  
  17  1:40  Assimilator  
  17  1:46  Assimilator  
  17  1:52  Probe (Chrono Boost)  
  18  2:03  Probe (Chrono Boost)  
  19  2:10  Gateway  
  19  2:14  Probe (Chrono Boost)  
  20  2:18  Warp Gate (Chrono Boost)  
  20  2:25  Probe  
  21  2:37  Probe  
  22  2:44  Probe  
  22  2:45  Gateway  
  22  2:49  Probe  
  24  2:51  Pylon  
  24  3:02  Mothership Core  
  24  3:04  Probe  
  27  3:17  Probe, Gateway  
  28  3:23  Probe  
  28  3:24  Assimilator  
  28  3:26  Pylon  
  29  3:43  Pylon  
  29  3:44  Pylon  
  29  3:57  Forge  
  29  4:05  Probe  
  29  4:06  Probe  
  29  4:07  Pylon  
  29  4:09  Assimilator  
  24  4:32  Adept x3  
  24  4:37  Adept  
  32  4:54  Nexus  
  32  4:59  Pylon  
  32  5:08  Adept  
  32  5:11  Adept  
  36  5:19  Adept  
  36  5:47  Protoss Ground Weapons Level 1 (Chrono Boost)  
  35  6:00  Twilight Council  
  35  6:07  Photon Cannon  
  35  6:08  Probe  
  36  6:28  Probe  
  36  6:30  Probe, Robotics Facility  
  38  6:39  Probe  
  38  6:45  Resonating Glaives (Chrono Boost)  
  39  7:03  Adept x3  
  39  7:04  Adept  
  47  7:11  Probe x2  
  49  7:21  Observer (Chrono Boost)  
  50  7:23  Probe  
  50  7:25  Probe  
  52  7:32  Gateway  
  52  7:34  Assimilator  
  52  7:35  Probe  
  53  7:37  Probe  
  54  7:44  Templar Archives  
  54  7:50  Photon Cannon  
  54  7:52  Probe x2  
  56  8:08  Immortal (Chrono Boost)  
  60  8:25  Probe x2  
  62  8:37  Probe, High Templar x3  
  69  8:46  Nexus  
  69  8:49  Pylon  
  69  8:52  Assimilator  
  69  9:01  Probe x2  
  71  9:08  High Templar  
  73  9:10  Archon  
  73  9:12  Archon  
  73  9:13  Probe x2  
  75  9:24  Photon Cannon, Gateway  
  75  9:25  Gateway  
  75  9:30  Pylon  
  75  9:32  Adept  
  75  9:35  High Templar  
  75  9:36  High Templar  
  81  9:40  Archon  
  81  9:46  Protoss Ground Weapons Level 2 (Chrono Boost)  
  81  10:08  Adept x3  
  81  10:09  Adept x2  
  91  10:18  Probe  
  91  10:19  Probe x2  
  94  10:31  Probe  
  94  10:32  Probe  
  46  11:06  Stalker  
  46  11:07  Stalker x5  
  46  11:08  Stalker  
  46  11:09  Probe  
  46  11:10  Probe x2  
  63  11:12  Immortal  
  67  11:21  Assimilator  
  67  11:22  Probe  
  68  11:26  Probe  
  68  11:27  Probe  
  68  11:29  Charge (Chrono Boost)  
  70  11:34  Probe  
  71  11:40  Adept  
  71  11:41  Adept  
  71  11:42  Adept x2  
  71  11:43  Adept  
  81  11:48  Adept x2  
  81  11:51  Probe  
  81  11:53  Probe  
  87  12:09  Pylon  
  87  12:12  Photon Cannon  
  87  12:13  Adept x2  
  87  12:14  Pylon  
  91  12:18  High Templar  
  91  12:19  High Templar  
  91  12:20  High Templar  
  91  12:21  High Templar  
  99  12:23  Archon  
  99  12:25  Archon  
  99  12:30  Stalker  
  99  12:36  Stalker x2  
  105  12:50  Photon Cannon  
  105  12:51  Photon Cannon  
  105  12:53  Pylon  
  105  12:55  Zealot x4  
  113  12:59  Zealot  
  115  13:11  Zealot  
  115  13:12  Zealot  
  119  13:17  High Templar x4  
  127  13:21  Archon x2  
  127  13:24  Protoss Ground Armor Level 1  
  127  13:25  Immortal  
  131  13:52  Zealot x3  
  131  13:53  Zealot x2  
  141  14:26  Pylon  
  141  14:34  Immortal  
  140  14:40  Adept x3  
  112  14:57  Zealot x4  
  60  15:21  Adept x2  
  60  15:22  Adept x5  
  51  15:45  Adept x4  
  51  15:46  Adept x2  
Show
View Real Time Build Order
Export as new Build Order

Amit Zerg 

Build Orders: Pool First, Lurkers 

Get SALT Encoding   

  12  0:40  Overlord  
  12  0:41  Drone x2  
  14  0:51  Spawning Pool  
  14  0:52  Drone  
  14  1:08  Drone  
  15  1:18  Hatchery  
  15  1:24  Drone  
  15  1:25  Drone  
  16  1:37  Drone  
  16  1:38  Queen  
  19  1:44  Extractor  
  19  1:45  Extractor  
  17  1:53  Zergling x2  
  18  1:58  Zergling x2  
  19  2:09  Drone  
  20  2:19  Drone  
  21  2:33  Queen  
  21  2:34  Drone  
  24  2:45  Lair  
  24  2:48  Drone x2  
  24  2:49  Drone x2  
  28  2:57  Overlord  
  28  3:22  Drone x6  
  34  3:29  Spore Crawler  
  34  3:32  Spore Crawler  
  32  4:05  Drone x2  
  32  4:06  Drone x2  
  36  4:14  Infestation Pit  
  35  4:18  Overlord x2, Hydralisk Den  
  35  4:20  Extractor  
  35  4:21  Drone x3  
  36  4:24  Extractor  
  33  4:41  Drone  
  33  4:42  Drone x2  
  36  4:53  Lair  
  36  4:55  Hive  
  36  4:56  Lurker Den  
  36  4:58  Drone  
  37  5:01  Drone x3  
  40  5:21  Spore Crawler  
  39  5:24  Spore Crawler  
  39  5:26  Drone x3  
  39  5:27  Drone x2, Overlord  
  43  5:44  Evolution Chamber x2  
  43  5:49  Overseer  
  41  5:56  Evolution Chamber  
  40  5:58  Drone x2  
  40  5:59  Drone x6  
  40  6:00  Drone  
  49  6:08  Viper  
  49  6:09  Viper  
  55  6:15  Drone x2  
  55  6:18  Zerg Missile Weapons Level 1  
  57  6:29  Hydralisk  
  59  6:34  Overlord x2  
  59  6:37  Zerg Melee Weapons Level 1  
  59  6:44  Spine Crawler  
  58  6:48  Spine Crawler  
  58  6:50  Spine Crawler  
  58  6:53  Hive  
  56  6:57  Hydralisk x3  
  62  7:06  Lurker  
  63  7:11  Queen  
  65  7:15  Viper  
  65  7:16  Viper  
  71  7:29  Lurker  
  72  7:30  Lurker  
  73  7:41  Muscular Augments  
  73  7:43  Hydralisk  
  75  7:45  Overlord x2  
  75  7:46  Overlord x2  
  75  7:54  Spore Crawler  
  75  7:56  Spore Crawler  
  73  8:01  Spore Crawler  
  73  8:04  Drone  
  73  8:05  Drone x5  
  78  8:06  Spore Crawler  
  78  8:07  Spore Crawler  
  76  8:35  Queen  
  76  8:38  Viper x3  
  87  9:10  Queen  
  89  9:25  Zerg Missile Weapons Level 2  
  89  9:26  Zerg Melee Weapons Level 2  
  89  9:29  Zerg Ground Armor Level 1  
  89  9:31  Queen  
  91  9:48  Queen  
  91  9:51  Lurker x2  
  95  10:01  Spore Crawler  
  95  10:03  Spore Crawler x2  
  95  10:04  Spore Crawler  
  91  10:07  Queen  
  93  10:20  Overlord x5  
  93  10:23  Queen  
  92  10:43  Queen  
  91  10:52  Hydralisk x2  
  91  10:53  Hydralisk x6  
  91  10:54  Hydralisk  
  109  10:59  Queen  
  111  11:06  Spore Crawler  
  111  11:08  Spore Crawler  
  109  11:35  Queen  
  111  11:47  Hydralisk  
  111  11:48  Hydralisk x2  
  117  12:09  Zerg Missile Weapons Level 3  
  117  12:10  Queen  
  119  12:19  Hydralisk x3  
  125  13:09  Hydralisk x3  
Show
View Real Time Build Order
Export as new Build Order

WhitePanther Protoss 

Build Orders:  

Get SALT Encoding   

  12  0:03  Probe (Chrono Boost)  
  13  0:17  Probe (Chrono Boost)  
  14  0:28  Probe (Chrono Boost)  
  15  0:33  Pylon  
  15  0:51  Assimilator, Probe (Chrono Boost)  
  16  0:57  Gateway  
  16  1:02  Probe (Chrono Boost)  
  17  1:13  Probe (Chrono Boost)  
  18  1:23  Probe (Chrono Boost)  
  19  1:26  Pylon  
  19  1:34  Probe (Chrono Boost)  
  20  1:43  Assimilator  
  20  1:47  Cybernetics Core  
  20  1:50  Probe (Chrono Boost)  
  20  1:53  Zealot  
  23  1:59  Pylon  
  24  2:01  Probe (Chrono Boost)  
  24  2:16  Probe (Chrono Boost)  
  24  2:20  Zealot  
  27  2:24  Robotics Facility  
  27  2:53  Nexus, Zealot  
  29  3:15  Immortal  
  33  3:28  Pylon  
  33  3:54  Immortal  
  37  3:58  Robotics Facility  
  37  4:06  Probe (Chrono Boost)  
  39  4:17  Probe (Chrono Boost)  
  39  4:29  Probe (Chrono Boost)  
  40  4:33  Immortal  
  44  4:40  Probe (Chrono Boost)  
  44  4:41  Pylon  
  45  4:46  Immortal  
  45  4:50  Probe (Chrono Boost)  
  50  5:02  Probe (Chrono Boost)  
  50  5:06  Assimilator  
  51  5:12  Probe (Chrono Boost)  
  51  5:13  Immortal  
  56  5:27  Observer  
  57  5:29  Probe (Chrono Boost)  
  58  5:39  Probe (Chrono Boost)  
  60  5:50  Probe (Chrono Boost)  
  60  5:51  Immortal  
  60  5:55  Probe (Chrono Boost)  
  65  5:58  Immortal  
  65  6:02  Pylon  
  69  6:05  Probe (Chrono Boost)  
  70  6:21  Probe (Chrono Boost)  
  71  6:41  Immortal  
  71  6:46  Probe (Chrono Boost)  
  76  6:47  Pylon  
  76  7:04  Pylon  
  76  7:05  Immortal  
  80  7:13  Pylon  
  80  7:17  Assimilator  
  80  7:22  Immortal  
  84  7:29  Robotics Facility  
  84  7:45  Immortal  
  88  8:06  Forge  
  88  8:11  Immortal  
  92  8:20  Pylon  
  92  8:26  Immortal  
  96  8:37  Pylon  
  96  8:43  Photon Cannon  
  96  8:46  Photon Cannon  
  96  8:48  Photon Cannon  
  96  8:51  Photon Cannon  
  96  8:54  Photon Cannon  
  96  9:00  Photon Cannon  
  96  9:03  Photon Cannon  
  90  9:14  Immortal  
  90  9:15  Immortal  
  98  9:23  Immortal  
  102  9:54  Immortal  
  110  10:00  Immortal  
  110  10:02  Immortal  
  112  10:33  Immortal  
  104  10:39  Immortal  
  94  10:45  Immortal  
  52  11:06  Stargate  
  52  11:12  Immortal  
  56  11:54  Void Ray  
  60  12:33  Stargate  
  68  12:44  Immortal x3  
  72  13:23  Immortal x2  
  84  13:27  Immortal  
  84  14:02  Immortal  
  88  14:07  Immortal x2  
Show
View Real Time Build Order
Export as new Build Order

Moroluigi Zerg 

Build Orders: Hatch First 

Get SALT Encoding   

  12  0:02  Drone  
  13  0:10  Drone  
  14  0:17  Overlord  
  14  0:47  Drone  
  14  0:48  Hatchery  
  14  0:58  Extractor, Drone  
  14  0:59  Drone  
  15  1:07  Drone  
  16  1:18  Spawning Pool  
  15  1:20  Drone  
  15  1:25  Drone  
  17  1:32  Drone  
  18  1:43  Overlord  
  18  1:53  Drone  
  19  2:02  Drone  
  20  2:11  Queen, Metabolic Boost  
  20  2:12  Queen  
  20  2:14  Drone  
  25  2:17  Drone  
  25  2:21  Drone  
  27  2:31  Drone x2  
  27  2:34  Overlord  
  29  2:41  Zergling x2  
  30  2:46  Zergling x2  
  30  2:48  Overlord  
  31  2:57  Zergling x2  
  32  2:59  Zergling x2  
  33  3:09  Zergling x4  
  35  3:16  Zergling x2  
  36  3:26  Zergling x6  
  36  3:27  Zergling x8  
  43  3:35  Zergling x2  
  43  3:38  Zergling x2  
  43  3:41  Lair  
  45  3:52  Zergling x4  
  45  3:53  Zergling x2  
  48  3:58  Zergling x4  
  48  3:59  Zergling x2  
  51  4:10  Zergling x2  
  51  4:11  Overlord x2  
  52  4:25  Overlord  
  52  4:26  Overlord  
  48  4:38  Zergling x2  
  48  4:39  Zergling x8  
  52  4:55  Zergling x10  
  52  4:56  Zergling x2  
  55  5:06  Zergling x6  
  43  5:31  Drone x3  
  43  5:32  Drone x2  
  45  5:50  Drone x3  
  48  6:02  Hydralisk Den  
  48  6:03  Extractor  
  45  6:07  Drone x2  
  45  6:08  Drone x2  
  48  6:13  Extractor  
  48  6:15  Extractor  
  46  6:34  Drone x2, Evolution Chamber  
  46  6:35  Drone x2  
  46  6:36  Evolution Chamber  
  48  6:43  Muscular Augments  
  48  6:47  Drone x3  
  51  6:57  Drone  
  52  7:10  Drone x3  
  52  7:15  Hydralisk x2  
  55  7:16  Hydralisk x2  
  55  7:18  Extractor, Zerg Missile Weapons Level 1  
  55  7:19  Zerg Ground Armor Level 1  
  55  7:20  Hatchery  
  55  7:22  Extractor  
  60  7:26  Drone x2, Hydralisk x2  
  66  7:37  Drone, Hydralisk  
  69  7:44  Overseer  
  69  7:46  Drone x2, Hydralisk  
  69  7:47  Drone, Overlord  
  69  7:48  Hydralisk  
  76  7:56  Roach Warren  
  75  8:05  Spore Crawler  
  75  8:06  Spore Crawler  
  75  8:09  Spore Crawler  
  75  8:11  Spore Crawler  
  71  8:13  Spore Crawler  
  71  8:17  Spore Crawler  
  69  8:22  Hydralisk x2  
  69  8:23  Drone, Hydralisk  
  69  8:24  Drone x2  
  74  8:32  Drone  
  70  8:35  Hydralisk  
  70  8:36  Hydralisk  
  74  8:48  Pneumatized Carapace  
  74  8:51  Spore Crawler  
  73  9:06  Overlord  
  73  9:07  Overlord x3  
  73  9:24  Hatchery  
  69  9:41  Drone x3, Hydralisk  
  72  10:00  Hydralisk x4  
  72  10:25  Hydralisk  
  72  10:26  Hydralisk x4  
  62  10:47  Spire  
  61  10:51  Drone x3  
  61  10:52  Drone x2  
  66  11:10  Drone x3  
  69  11:20  Overlord  
  69  11:21  Drone x3, Overlord  
  72  11:42  Hydralisk  
  72  11:43  Hydralisk  
  72  11:44  Roach x3  
  72  11:45  Roach  
  72  11:46  Drone, Roach  
  87  11:54  Zerg Missile Weapons Level 2  
  87  11:56  Zerg Ground Armor Level 2  
  87  12:20  Hydralisk x3  
  87  12:22  Corruptor x3, Overlord  
  93  12:23  Corruptor x2  
  103  12:32  Corruptor  
  103  12:33  Corruptor x3  
  111  13:08  Zerg Flyer Weapons Level 1  
  111  13:09  Corruptor x4  
  111  13:10  Corruptor  
  111  13:12  Overlord x4  
  121  13:21  Overlord x3  
  121  13:39  Corruptor x3  
  127  13:56  Corruptor x2  
  127  13:57  Hydralisk x2  
  106  14:33  Hydralisk x4  
  106  14:34  Hydralisk x2  
  100  14:52  Hydralisk x2  
  88  14:57  Hydralisk x2  
  84  15:06  Hydralisk x2  
  88  15:18  Corruptor x2  
  92  15:51  Hatchery, Extractor, Hydralisk  
  92  15:52  Hydralisk  
  92  15:53  Roach  
  92  15:54  Extractor  
  93  16:04  Extractor  
  93  16:06  Hydralisk x2  
  93  16:07  Hatchery  
  93  16:09  Extractor  
Show
View Real Time Build Order
Export as new Build Order

Unisold Terran 

Build Orders:  

Get SALT Encoding   

  12  1:08  SCV  
  13  1:25  Command Center  
  13  1:28  Supply Depot  
  13  1:34  SCV  
  14  1:41  Supply Depot  
  14  1:53  SCV, Barracks  
  15  2:05  Engineering Bay  
  15  2:08  SCV  
  16  2:12  Refinery  
  16  2:16  Refinery  
  16  2:20  SCV  
  17  2:32  SCV  
  18  2:42  SCV  
  19  2:44  SCV  
  19  2:45  Refinery  
  19  2:46  Marine  
  19  2:47  Missile Turret  
  21  2:58  Refinery  
  21  3:09  Missile Turret  
  21  3:13  SCV  
  21  3:14  SCV  
  21  3:18  Factory  
  23  3:26  SCV  
  25  3:27  SCV  
  25  3:38  SCV  
  25  3:39  SCV  
  27  3:50  SCV  
  27  3:51  SCV  
  29  4:06  Missile Turret  
  29  4:13  SCV  
  29  4:14  SCV  
  31  4:19  Hi-Sec Auto Tracking  
  31  4:20  Missile Turret  
  31  4:25  SCV  
  31  4:26  SCV  
  33  4:33  Starport  
  34  4:45  SCV  
  34  4:46  SCV  
  34  4:47  Widow Mine  
  37  4:57  SCV  
  37  4:58  SCV  
  39  5:10  SCV  
  39  5:12  Starport Reactor  
  40  5:15  Starport  
  40  5:16  Widow Mine  
  40  5:20  Armory  
  42  5:43  Starport  
  42  5:45  SCV  
  43  5:52  Viking  
  43  5:53  Starport Reactor  
  45  6:00  Supply Depot  
  45  6:14  Orbital Command  
  45  6:18  Terran Ship Weapons Level 1  
  45  6:19  SCV  
  45  6:21  Viking  
  45  6:22  Missile Turret  
  45  6:23  Supply Depot  
  48  6:29  Starport Reactor  
  48  6:32  Viking  
  50  6:46  Supply Depot  
  50  6:49  Viking  
  50  6:50  Viking  
  50  6:52  SCV  
  56  7:01  SCV  
  56  7:04  SCV  
  56  7:07  Viking  
  56  7:08  Viking  
  61  7:12  Factory Tech Lab  
  61  7:13  SCV  
  62  7:18  SCV  
  63  7:44  Viking x3  
  63  7:45  Supply Depot  
  69  7:53  Viking  
  71  8:02  Armory  
  71  8:07  Viking  
  71  8:08  Supply Depot  
  71  8:12  Terran Vehicle And Ship Armor Level 1  
  73  8:14  Orbital Command  
  73  8:31  Supply Depot  
  73  8:41  Widow Mine  
  75  8:56  Supply Depot  
  75  8:58  Viking  
  75  8:59  Viking x4  
  75  9:00  Viking  
  87  9:03  Terran Ship Weapons Level 2  
  87  9:09  Widow Mine  
  89  9:28  Viking  
  89  9:29  Viking x4  
  99  9:38  Widow Mine  
  101  9:49  Viking  
  103  9:58  Viking  
  105  10:06  Widow Mine  
  105  10:13  Terran Vehicle And Ship Armor Level 2  
  107  10:30  Viking  
  109  11:28  Viking  
  109  11:30  Viking x2  
  109  11:31  Viking  
  109  11:32  Viking x2  
  109  11:38  Terran Ship Weapons Level 3  
  97  11:58  Viking  
  97  12:00  Viking x2  
  97  12:01  Viking  
  105  12:02  Viking x2  
  105  12:06  Supply Depot  
  105  12:07  Supply Depot x3  
  109  12:09  Supply Depot  
  109  12:10  Supply Depot x4  
  109  12:11  Supply Depot  
  109  12:12  Supply Depot  
  109  12:14  Supply Depot  
  109  12:28  Viking  
  109  12:29  Viking  
  111  12:30  Viking x2  
  111  12:32  Supply Depot, Viking x2  
  111  12:35  Supply Depot  
  111  12:36  Supply Depot  
  121  12:42  Terran Vehicle And Ship Armor Level 3  
  121  12:58  Viking  
  121  12:59  Viking  
  121  13:00  Viking  
  127  13:07  Missile Turret x4  
  127  13:08  Building Armor  
  127  13:09  Missile Turret  
  127  13:10  Missile Turret  
  127  13:11  Viking  
  129  13:13  Missile Turret  
  129  13:36  Viking x2  
  129  13:37  Viking x3  
  99  14:21  Viking x4  
  99  14:22  Viking x2  
  99  14:51  Viking x3  
  99  15:23  Viking x4  
  99  15:24  Viking  
  109  15:37  Viking  
  111  15:53  Viking  
  113  16:01  Viking x2  
Tags
 
Add a new tag
Caveats
  • Supply blocks, unpowered buildings, or Contaminate may cause inaccurate times.
  • Supply counts are checked every 10 seconds.